 Dungeon Crawl Stone Soup version 0.21.2-1-g0862bd2 (webtiles) character file.

13265 smallpebble the Cleaver (level 12, -2/113 HPs)
             Began as a Hill Orc Fighter on Apr 12, 2019.
             Was a Priest of Ru.
             Slain by a swamp worm (13 damage)
             ... on level 2 of the Lair of Beasts.
             The game lasted 01:12:08 (11669 turns).

smallpebble the Cleaver (Hill Orc Fighter)         Turns: 11669, Time: 01:12:10

Health: -2/113     AC: 17    Str: 21    XL:     12   Next: 4%
Magic:  17/17      EV:  7    Int: 10    God:    Ru [***...]
Gold:   468        SH: 12    Dex: 16    Spells: 8/11 levels left

rFire    . . .     SeeInvis .   a - +1 war axe (distort)
rCold    + . .     Gourm    +   c - +0 shield
rNeg     . . .     Faith    .   L - +1 scale mail {rC+}
rPois    .         Spirit   .   S - +0 helmet
rElec    .         Reflect  .   V - scarf {repulsion}
rCorr    .         Harm     .   (no gloves)
MR       .....                  G - +4 pair of boots of Calculation {Dex+5}
Stlth    ..........             N - amulet of the gourmand
HPRegen  0.28/turn              o - +1 ring of slaying
MPRegen  0.15/turn              A - +3 ring of evasion

@: about to teleport, repel missiles, very slow
A: yellow scales 1, clever 1, weak 1, no stealth, reduced EV 1
a: Draw Out Power, Renounce Religion


You were on level 2 of the Lair of Beasts.
You worshipped Ru.
Ru was most pleased with you.
You were not hungry.

You visited 3 branches of the dungeon, and saw 13 of its levels.

You collected 468 gold pieces.

Inventory:

Hand Weapons
 a - a +1 war axe of distortion (weapon)
 z - a +0 battleaxe
 C - a +1 war axe
 P - a +0 war axe of freezing
Armour
 b - a +0 scale mail
 c - a +0 shield (worn)
 p - +0 storm dragon scales
 u - a +2 pair of boots
 B - a +0 plate armour
 G - the +4 pair of boots of Calculation (worn) {Dex+5}
   (You found it on level 8 of the Dungeon)

   It affects your dexterity (+5).
 L - a +1 scale mail of cold resistance (worn)
 M - a +0 troll leather armour
 Q - a +0 pair of boots
 S - a +0 helmet (worn)
 V - a scarf of repulsion (worn)
Magical Staves
 U - an uncursed staff of summoning
Jewellery
 h - an uncursed ring of see invisible
 j - an uncursed ring of flight
 o - a +1 ring of slaying (left hand)
 t - an uncursed ring of stealth
 A - a +3 ring of evasion (right hand)
 N - an amulet of the gourmand (around neck)
Wands
 n - a wand of digging (5)
 D - a wand of acid (15)
 H - a wand of iceblast (1)
 J - a wand of flame (3)
Scrolls
 e - 4 scrolls of amnesia
 g - 4 scrolls of remove curse
 i - 2 scrolls of immolation
 k - 3 scrolls of identify
 v - 2 scrolls of teleportation
 w - 2 scrolls of enchant weapon
 F - a scroll of magic mapping
 O - 3 scrolls of enchant armour
Potions
 d - 3 potions of might
 l - 2 potions of haste
 m - a potion of agility
 r - 3 potions of ambrosia
 s - a potion of curing
 x - 4 potions of brilliance
 K - a potion of degeneration
 R - 2 potions of berserk rage
Books
 y - a book of Necromancy

   Spells                             Type                      Level
   a - Pain                           Necromancy                   1
   b - Animate Skeleton               Necromancy                   1
   c - Vampiric Draining              Necromancy                   3
   d - Regeneration                   Charms/Necromancy            3
   e - Animate Dead                   Necromancy                   4
   f - Borgnjor's Vile Clutch         Necromancy/Earth             5
 E - a book of Cantrips

   Spells                             Type                      Level
   a - Confusing Touch                Hexes                        1
   b - Animate Skeleton               Necromancy                   1
   c - Summon Small Mammal            Summoning                    1
   d - Apportation                    Translocation                1
 I - a book of Misfortune

   Spells                             Type                      Level
   a - Confusing Touch                Hexes                        1
   b - Confuse                        Hexes                        3
   c - Gell's Gravitas                Translocation                3
   d - Petrify                        Transmutation/Earth          4
   e - Metabolic Englaciation         Hexes/Ice                    5
   f - Yara's Violent Unravelling     Hexes/Transmutation          5
Miscellaneous
 T - a lamp of fire
Comestibles
 f - 21 rations


   Skills:
 + Level 12.4 Fighting
 + Level 13.3 Axes
 + Level 7.9 Armour
 - Level 0.6 Dodging
 + Level 8.6 Shields
 + Level 7.3 Evocations


You had 8 spell levels left.
You knew the following spells:

 Your Spells              Type           Power        Failure   Level  Hunger
a - Confuse               Hex            #.......     99%         3    ####...


Dungeon Overview and Level Annotations

Branches:
Dungeon (10/15)            Temple (1/1) D:5            Lair (2/6) D:10
 Spider (0/4) Lair:2
  Swamp: Lair:2-4    Shoals: Lair:2-4       Orc: D:9-12

Altars:
Ashenzari
Cheibriados
Dithmenos
Elyvilon
Fedhas
Gozag
Hepliaklqana
Kikubaaqudgha
Makhleb
Nemelex Xobeh
Okawaru
Qazlal
Ru
Sif Muna
Trog
Uskayaw
Vehumet
Wu Jian
Xom
Yredelemnul
Zin
The Shining One

Shops:
D:5 :   D:7 *

Annotations:
Lair:1 exclusion: oklob plant


Innate Abilities, Weirdness & Mutations

You are weak. (Str -2)
You cannot be stealthy.
You have somewhat slow reflexes. (EV -5)
You are partially covered in yellow scales. (AC +2)
Your mind is acute. (Int +2)


Message History

You block the swamp worm's attack.
As you read the scroll of teleportation, it crumbles to dust.
You feel strangely unstable. You block the swamp worm's attack.
The swamp worm closely misses you.
The swamp worm bites you but does no damage.
You block the swamp worm's attack. The swamp worm bites you!
* * * LOW HITPOINT WARNING * * *
The swamp worm is stunned by your will and fails to attack.
You feel much better. The swamp worm bites you! The swamp worm bites you.
* * * LOW HITPOINT WARNING * * *
You block the swamp worm's attack. x2; The swamp worm bites you!
* * * LOW HITPOINT WARNING * * *
The swamp worm barely misses you.
Your unstable footing causes you to fumble your attack.
The swamp worm closely misses you.
You redirect the swamp worm's attack!
The swamp worm misses the swamp worm.
The swamp worm bites you!
* * * LOW HITPOINT WARNING * * *
The swamp worm bites you!
You die...

#....P...P..#...........P
##.......#..#......#.....
##...P......#......#.....
#....#...#..#............
#......≈≈≈≈≈≈≈.....#....#
##...≈≈≈≈≈≈≈≈≈≈≈...+....P
#...≈≈≈#######≈≈≈..#.....
##..≈≈##ww≈≈≈#≈≈≈#.P.....
#..≈≈#w@w≈≈≈≈P≈≈........
##.≈≈##ww%≈≈#≈≈≈..###.##
#..≈≈≈#######≈≈≈.## ###
##..≈≈≈≈≈≈≈≈≈≈≈###
#....≈≈≈≈≈≈≈≈≈#
###........#≈##
#####.#P#### #####


You could see 6 swamp worms.

Vanquished Creatures
  A two-headed ogre (D:8)
  An unseen horror (D:9)
  A molten gargoyle (Lair:2)
  3 spiny frogs
  2 trolls (D:9)
  2 polar bears (Lair:1)
  6 blink frogs
  3 hippogriffs
  A redback (Lair:2)
  8 yaks
  A swamp worm (Lair:2)
  A hell hound (D:10)
  3 water moccasins
  3 porcupines (Lair:2)
  4 sky beasts
  3 orc warriors
  2 ice beasts
  2 phantoms
  2 necrophages
  4 ogres
  2 wolves (Lair:2)
  3 centaurs
  6 crocodiles
  A big kobold (D:8)
  5 bullfrogs
  A gnoll sergeant (D:10)
  A wyvern zombie (D:9)
  A wyvern skeleton (D:8)
  3 scorpions
  4 killer bees (D:10)
  5 wights (D:6)
  3 howler monkeys (D:8)
  An electric eel (Lair:1)
  The ghost of Yermak the Grave Robber, a weakling OpNe (D:4)
  5 crimson imps
  A lava snake (Lair:2)
  A bullfrog zombie (D:7)
  5 orc priests
  12 orc wizards
  2 hounds (D:9)
  10 jellies
  Jessica (D:2)
  3 iguanas
  5 worker ants
  2 hound skeletons
  A worker ant zombie (D:5)
  6 gnolls
  7 adders
  2 shadow imps (D:6)
  17 oozes
  2 adder zombies
  12 worms
  A dart slug (D:3)
  8 leopard geckos
  27 orcs
  13 bats
  4 giant cockroaches
  14 goblins
  13 hobgoblins
  4 jackals
  6 quokkas
  2 ball pythons
  10 frilled lizards
  A giant cockroach zombie (D:6)
  A jackal zombie (D:6)
  6 kobolds
  2 leopard gecko zombies (D:6)
  A quokka skeleton (D:6)
  13 rats
  A fungus (Lair:1)
  A plant (Lair:2)
312 creatures vanquished.

Vanquished Creatures (others)
  A black mamba (Lair:1)
  2 spiny frogs (Lair:1)
  A blink frog (Lair:2)
  4 yaks
  A wolf (Lair:2)
  11 fungi
  4 plants
24 creatures vanquished.

Grand Total: 336 creatures vanquished

Notes
Turn   | Place    | Note
-------+----------+-------------------------------------------
     0 | D:1      | smallpebble the Hill Orc Fighter began the quest for the Orb.
     0 | D:1      | Reached XP level 1. HP: 19/19 MP: 1/1
   107 | D:1      | Reached XP level 2. HP: 24/27 MP: 2/2
   451 | D:1      | Reached skill level 3 in Axes
   471 | D:1      | Reached XP level 3. HP: 33/33 MP: 3/3
   716 | D:2      | Noticed Jessica
   722 | D:2      | Killed Jessica
   722 | D:2      | Reached XP level 4. HP: 29/40 MP: 4/4
   895 | D:2      | Reached skill level 4 in Axes
  1486 | D:3      | Noticed a necrophage
  1497 | D:3      | Killed a necrophage
  1497 | D:3      | Reached skill level 5 in Axes
  1497 | D:3      | Reached XP level 5. HP: 33/47 MP: 5/5
  1823 | D:3      | Reached XP level 6. HP: 29/53 MP: 6/6
  2026 | D:3      | Reached skill level 5 in Fighting
  2766 | D:4      | Reached skill level 6 in Axes
  2925 | D:4      | Noticed Yermak's ghost (weakling OpNe)
  2934 | D:4      | Killed Yermak's ghost
  3156 | D:4      | Reached XP level 7. HP: 61/61 MP: 7/7
  3272 | D:5      | Entered Level 5 of the Dungeon
  3320 | D:5      | Found a staircase to the Ecumenical Temple.
  3488 | Temple   | Entered the Ecumenical Temple
  3544 | Temple   | Became a worshipper of Ru the Awakened
  3561 | Temple   | Reached skill level 5 in Shields
  3795 | D:5      | HP: 2/61 [orc priest/nerve-wracking pain (5)]
  3800 | D:5      | Reached skill level 7 in Axes
  3800 | D:5      | Reached skill level 5 in Armour
  4140 | D:5      | Found Woriodim's Book Shoppe.
  4844 | D:6      | Reached XP level 8. HP: 53/70 MP: 8/8
  4862 | D:6      | Reached skill level 8 in Axes
  5194 | D:6      | Reached skill level 9 in Axes
  5333 | D:6      | Gained mutation: You have somewhat slow reflexes. (EV -5) [Ru sacrifice]
  5333 | D:6      | Reached * piety under Ru
  5552 | D:6      | Found a burning altar of Makhleb.
  5652 | D:7      | Found Ratu's General Store.
  5760 | D:7      | Found a deep blue altar of Sif Muna.
  5783 | D:7      | Reached skill level 10 in Axes
  5854 | D:7      | Reached XP level 9. HP: 41/75 MP: 9/9
  6721 | D:8      | Found a glowing golden altar of the Shining One.
  6934 | D:8      | Noticed a two-headed ogre
  6938 | D:8      | Killed a two-headed ogre
  6938 | D:8      | Reached XP level 10. HP: 91/91 MP: 9/13
  6988 | D:8      | Got a pair of twisted boots
  6989 | D:8      | Identified the +4 pair of boots of Calculation {Dex+5} (You found it on level 8 of the Dungeon)
  7112 | D:8      | Reached skill level 10 in Fighting
  7525 | D:9      | Reached skill level 5 in Evocations
  7721 | D:9      | Found a shimmering altar of Xom.
  7722 | D:9      | Found a shimmering altar of Xom.
  7722 | D:9      | Found a shimmering altar of Xom.
  7722 | D:9      | Found a shimmering altar of Xom.
  7843 | D:9      | Killed an unseen horror
  8091 | D:9      | Gained mutation: You cannot be stealthy. [Ru sacrifice]
  8091 | D:9      | Reached ** piety under Ru
  8125 | D:9      | Gained mutation: You are partially covered in yellow scales. (AC +2) [potion of mutation]
  8125 | D:9      | Gained mutation: Your mind is acute. (Int +2) [potion of mutation]
  8164 | D:10     | Entered Level 10 of the Dungeon
  8591 | D:10     | Found a staircase to the Lair.
  8817 | Lair:1   | Entered Level 1 of the Lair of Beasts
  8889 | Lair:1   | Reached XP level 11. HP: 102/102 MP: 16/16
  8905 | Lair:1   | Learned a level 3 spell: Confuse
  8947 | Lair:1   | Reached skill level 11 in Axes
  9371 | Lair:1   | Noticed an oklob plant
  9763 | Lair:1   | Reached skill level 12 in Axes
 10175 | Lair:2   | Gained mutation: You are weak. (Str -2) [Ru sacrifice]
 10175 | Lair:2   | Reached *** piety under Ru
 10316 | Lair:2   | Reached skill level 13 in Axes
 11299 | Lair:2   | Noticed a wolf spider
 11300 | Lair:2   | Found a hole to the Spider Nest.
 11413 | Lair:2   | Reached XP level 12. HP: 74/113 MP: 17/17
 11669 | Lair:2   | Slain by a swamp worm

Skill      XL: |  1  2  3  4  5  6  7  8  9 10 11 |
---------------+----------------------------------+-----
Axes           | 3 5 6 7 10 13 | 13.3
Fighting       | 4 5 6 9 11 12 | 12.4
Shields        | 4 5 6 7 8 |  8.6
Armour         | 4 5 6 7 |  7.9
Evocations     | 4 7 |  7.3
Dodging        | |  0.6

Action                   |  1- 3 |  4- 6 |  7- 9 | 10-12 || total
-------------------------+-------+-------+-------+-------++-------
Melee: War axe           |    93 |   225 |   375 |   454 ||  1147
Invok: Sacrifice Health  |       |       |     1 |       ||     1
       Sacrifice Stealth |       |       |       |     1 ||     1
       Sacrifice Purity  |       |       |       |     1 ||     1
Evoke: Wand              |       |       |     4 |    30 ||    34
  Use: Scroll            |       |    10 |     8 |    11 ||    29
       Potion            |       |     7 |     2 |    10 ||    19
 Stab: Distracted        |       |       |       |     3 ||     3
  Eat: Chunk             |       |     2 |     2 |     7 ||    11
       Ration            |       |     2 |     3 |     3 ||     8
Armor: Scale mail        |    42 |     1 |       |   158 ||   201
       Plate armour      |       |   185 |   188 |    64 ||   437
Dodge: Dodged            |    28 |    44 |    58 |    97 ||   227
Block: Shield            |    61 |   144 |   176 |   224 ||   605
